AoeStats
← MZTK | GaboxNet .i.

Arabia

510043004Analyzed
2v2 RM · 3d ago on Sep 29, 2026· 85m 17s· 4 players
Game mode
Random Map
Map size
Medium (4 player)
Population
200
Speed
Normal
Resources
Standard
Victory
Conquest
Starting age
Dark Age
Ending age
Imperial Age
RankedLock teamsTeams togetherTeam positionsShared explorationLock speedFull tech treeHidden civsTurbo modeCheats
Victory
Defeat
🇲🇽 Ethiopians · Mexico
1120
+15
🇨🇳 Cumans · China
951
+22
🇺🇸 Franks · United States
1117
-20
🇹🇷 Mongols · Türkiye
1056
-17
schwang
5:13 Loom
11:13 Feudal Age
20:50 Forging
20:46 Scale Barding Armor
21:59 Wheelbarrow
24:18 Castle Age
23:00 Gold Mining
30:20 Husbandry
31:30 Double-Bit Axe
31:38 Stone Mining
33:26 Gold Shaft Mining
35:43 Chain Barding Armor
55:37 Iron Casting
74:29 Imperial Age
72:15 Hand Cart
73:20 Fletching
73:31 Padded Archer Armor
75:27 Cavalier
76:43 Plate Barding Armor
77:09 Blast Furnace
76:21 Elite Skirmisher
77:58 Caravan
78:45 Bodkin Arrow
79:59 Leather Archer Armor
79:33 Paladin
85:15 Conscription
emreabay
9:09 Feudal Age
9:23 Loom
9:40 Double-Bit Axe
14:36 Horse Collar
19:09 Castle Age
17:36 Fletching
17:46 Padded Archer Armor
17:52 Gold Mining
18:24 Padded Archer Armor
18:52 Bloodlines
19:19 Scale Barding Armor
20:00 Bow Saw
21:43 Bodkin Arrow
22:49 Wheelbarrow
21:59 Town Watch
24:04 Husbandry
24:12 Town Watch
27:34 Hand Cart
34:51 Imperial Age
33:30 Stone Mining
34:38 Forging
34:48 Chain Barding Armor
34:47 Leather Archer Armor
34:54 Chain Barding Armor
34:46 Forging
34:24 Light Cavalry
37:16 Ballistics
39:50 Hussar
41:46 Bracer
42:20 Parthian Tactics
45:56 Conscription
53:47 Chemistry
55:10 Masonry
54:55 Murder Holes
55:44 Iron Casting
60:06 Elite Steppe Lancer
63:37 Blast Furnace
66:45 Capped Ram
67:57 Siege Ram
73:17 Heavy Cavalry Archer
74:02 Thumb Ring
MZTK | GaboxNet .i.
1:13 Loom
9:39 Feudal Age
9:48 Man-at-Arms
11:31 Double-Bit Axe
24:53 Castle Age
24:02 Gold Mining
24:58 Crossbowman
25:31 Fletching
26:27 Gold Shaft Mining
26:23 Bodkin Arrow
27:57 Padded Archer Armor
30:33 Leather Archer Armor
32:15 Wheelbarrow
33:34 Ballistics
36:27 Forging
37:56 Scale Mail Armor
38:47 Squires
39:56 Chain Mail Armor
45:26 Imperial Age
45:40 Hand Cart
45:32 Arbalester
47:15 Bracer
47:46 Ring Archer Armor
46:50 Capped Ram
47:01 Elite Skirmisher
49:10 Light Cavalry
49:50 Husbandry
49:57 Scale Barding Armor
50:27 Iron Casting
50:09 Hussar
52:14 Chain Barding Armor
54:56 Blast Furnace
54:59 Conscription
58:34 Thumb Ring
61:28 Plate Mail Armor
62:31 Chemistry
64:53 Coinage
66:44 Masonry
68:45 Heavy Camel Rider
79:39 Siege Engineers
80:05 Architecture
猫咪先生
11:00 Feudal Age
11:27 Loom
11:42 Double-Bit Axe
11:55 Horse Collar
21:05 Castle Age
21:56 Wheelbarrow
22:40 Heavy Plow
24:22 Gold Mining
24:23 Stone Mining
30:07 Bloodlines
30:42 Capped Ram
33:35 Scale Barding Armor
33:30 Scale Mail Armor
37:48 Chain Mail Armor
40:22 Hand Cart
40:00 Town Watch
40:11 Elite Skirmisher
41:16 Bow Saw
43:01 Thumb Ring
43:12 Padded Archer Armor
43:04 Fletching
46:16 Leather Archer Armor
45:57 Bodkin Arrow
61:34 Pikeman
62:18 Squires
62:04 Arson
70:07 Gold Shaft Mining
71:47 Chain Mail Armor
82:54 Man-at-Arms
Connection lost

Rejoining the realm…

Still unreachable

The connection could not be restored.

Session expired

The server has moved on; the page needs a fresh start.